Map: Acid Plant LE

Players

GuMiho - Winner!

  • Race: Terran Terran
  • Spawn Location: 5:00

SpeCial

  • Race: Terran Terran
  • Spawn Location: 11:00

Event: IEM Season 12 - Katowice

VOD

Have the link to the VOD?

Description

Time

  • Played on: March 1, 2018, 6:33 a.m.
  • Length: 13:15

All games in this series

Show
View Real Time Build Order
Export as new Build Order

GuMiho Terran - Winner!

Build Orders: Cyclone Opening 

Get SALT Encoding   

  12  0:00  SCV  
  13  0:12  SCV  
  14  0:17  Supply Depot  
  14  0:24  SCV  
  14  0:28  Refinery  
  15  0:38  SCV  
  16  0:44  Barracks  
  16  0:50  SCV  
  16  0:54  Refinery  
  17  1:02  SCV  
  18  1:14  SCV  
  19  1:30  Orbital Command  
  19  1:31  Reaper  
  20  1:34  Factory  
  20  1:43  Supply Depot  
  20  1:56  SCV  
  21  2:03  Reaper  
  22  2:08  SCV  
  23  2:17  Command Center  
  23  2:22  Hellion  
  25  2:25  SCV  
  26  2:30  Supply Depot  
  26  2:36  Barracks Reactor  
  26  2:38  SCV  
  27  2:45  Cyclone  
  27  2:50  SCV  
  31  3:02  SCV  
  32  3:14  SCV  
  31  3:26  SCV  
  32  3:28  Cyclone x2  
  32  3:30  Orbital Command  
  38  3:38  SCV  
  37  3:47  Command Center  
  37  3:51  SCV  
  38  3:56  SCV  
  38  4:01  Cyclone  
  42  4:03  SCV  
  42  4:06  Cyclone  
  42  4:09  SCV  
  47  4:12  Supply Depot  
  47  4:16  SCV  
  48  4:20  Refinery x2  
  48  4:21  Engineering Bay  
  48  4:24  SCV  
  48  4:28  Supply Depot, SCV  
  50  4:33  Cyclone  
  53  4:38  Cyclone  
  53  4:40  SCV  
  53  4:41  SCV  
  58  4:47  Barracks Tech Lab  
  58  4:53  SCV x2  
  58  4:59  Orbital Command  
  60  5:03  Missile Turret  
  60  5:04  Missile Turret  
  60  5:06  Missile Turret  
  60  5:09  SCV  
  60  5:10  SCV  
  60  5:13  Cyclone  
  64  5:16  Cyclone  
  66  5:22  SCV  
  66  5:23  SCV  
  66  5:25  SCV  
  69  5:33  Supply Depot  
  69  5:35  SCV x2  
  71  5:37  SCV  
  72  5:46  Armory  
  72  5:48  Armory  
  72  5:51  SCV x3  
  72  5:54  Missile Turret  
  75  6:03  SCV x3  
  78  6:09  Factory  
  78  6:15  Barracks Reactor, Starport  
  75  6:19  Siege Tank  
  75  6:20  SCV  
  75  6:21  SCV  
  75  6:22  SCV  
  81  6:26  Supply Depot  
  81  6:32  SCV  
  82  6:33  Supply Depot, SCV  
  82  6:34  SCV  
  82  6:38  Terran Vehicle And Ship Armor Level 1, Terran Vehicle Weapons Level 1  
  84  6:44  SCV  
  85  6:47  SCV x2  
  85  6:51  Infernal Pre-Igniter, Supply Depot, Siege Tank  
  90  6:57  Supply Depot, SCV  
  90  6:59  SCV  
  90  7:00  SCV  
  94  7:02  Viking x2  
  94  7:06  Hellion  
  97  7:09  SCV  
  97  7:11  SCV  
  97  7:12  SCV  
  100  7:19  Supply Depot  
  100  7:21  SCV  
  101  7:23  SCV  
  101  7:24  Siege Tank  
  101  7:26  SCV  
  101  7:28  Hellion x2  
  110  7:32  Medivac x2  
  114  7:40  Refinery  
  114  7:41  Supply Depot  
  114  7:42  Refinery  
  114  7:43  Supply Depot x2  
  113  7:50  Hellion x2  
  117  7:56  SCV  
  117  7:57  SCV x2  
  120  8:01  Hellion, Factory  
  120  8:02  Factory  
  120  8:03  Factory  
  122  8:11  Hellion x2  
  124  8:15  SCV x3  
  124  8:19  Viking x2  
  131  8:23  Siege Tank  
  134  8:33  Hellion x2  
  129  8:36  Terran Vehicle And Ship Armor Level 2, Terran Vehicle Weapons Level 2  
  115  8:49  Viking x2  
  115  8:54  Hellion x2  
  115  8:55  Hellion  
  123  8:59  Factory Tech Lab x2, Factory Reactor  
  123  9:00  SCV x3  
  115  9:10  Rapid Fire Launchers  
  115  9:13  SCV x2  
  115  9:15  Hellion  
  115  9:16  Hellion  
  121  9:22  Supply Depot  
  121  9:26  Siege Tank x2  
  121  9:27  Viking  
  121  9:28  Siege Tank  
  132  9:35  Command Center  
  132  9:37  Hellion x2  
  132  9:38  Hellion x2  
  140  9:49  SCV x3  
  143  10:01  Hellion x3  
  143  10:04  Hellion, Command Center  
  155  10:11  Viking x2  
  153  10:15  Cyclone x3  
  156  10:22  Cyclone x3  
  165  10:28  Supply Depot  
  165  10:29  Supply Depot x2  
  165  10:30  Cyclone, Supply Depot, SCV x3  
  169  10:42  Viking, SCV  
  164  10:47  Hellion, Siege Tank x2  
  164  10:49  Planetary Fortress  
  172  10:54  Hellion  
  172  10:55  Hellion  
  164  11:04  Hellion, Liberator x2  
  164  11:05  Hellion  
  164  11:08  Siege Tank  
  171  11:16  Hellion x2  
  175  11:19  Hellion, Siege Tank  
  184  11:26  Hellion  
  184  11:27  Hellion  
  178  11:34  Refinery  
  178  11:35  Refinery  
  178  11:37  Hellion x2  
  173  11:40  Siege Tank  
  173  11:41  Hellion  
  165  11:47  Hellion  
  165  11:49  Hellion  
  165  11:51  Siege Tank  
  168  11:59  Hellion x2  
  167  12:02  Hellion  
  163  12:09  Hellion  
  163  12:10  Hellion  
  163  12:13  Hellion  
  165  12:20  Hellion x2  
  165  12:21  Orbital Command  
  166  12:23  Hellion x2  
  163  12:30  Hellion  
  163  12:32  Hellion  
  163  12:34  Hellion  
  169  12:41  Hellion x2  
  173  12:45  SCV x2  
  181  12:51  Hellion  
  181  12:53  Hellion  
Show
View Real Time Build Order
Export as new Build Order

SpeCial Terran 

Build Orders: Gas First Reaper Expand, Reaper Expand, Mech, Banshee Rush 

Get SALT Encoding   

  12  0:00  SCV  
  13  0:12  SCV  
  14  0:17  Supply Depot  
  14  0:25  SCV  
  14  0:27  Refinery  
  15  0:38  SCV  
  16  0:44  Barracks  
  16  0:50  SCV  
  17  1:02  SCV  
  18  1:15  SCV  
  19  1:32  Reaper, Orbital Command  
  20  1:46  Command Center  
  20  1:57  Factory  
  20  2:01  SCV  
  20  2:07  Barracks Reactor  
  21  2:13  SCV  
  22  2:16  Supply Depot  
  22  2:20  Refinery  
  22  2:25  SCV  
  23  2:38  SCV  
  23  2:43  Hellion  
  26  2:44  Marine x2  
  26  2:50  SCV  
  29  2:55  Starport  
  29  3:02  SCV  
  29  3:03  Marine  
  29  3:05  Marine  
  30  3:14  SCV  
  30  3:18  Orbital Command  
  28  3:24  Cyclone  
  28  3:26  SCV, Marine  
  28  3:27  Marine  
  31  3:31  Starport Tech Lab  
  32  3:38  SCV  
  33  3:44  SCV  
  33  3:47  Marine x2  
  36  3:50  SCV, Cloaking Field  
  37  3:59  Bunker, Banshee  
  40  4:03  Factory Tech Lab  
  40  4:04  SCV  
  40  4:05  SCV  
  40  4:09  Supply Depot  
  44  4:17  SCV x2  
  46  4:31  Siege Tank  
  48  4:32  SCV x2  
  48  4:34  Supply Depot  
  49  4:44  Banshee  
  49  4:45  Command Center  
  52  4:47  SCV x2  
  54  4:54  Supply Depot  
  54  4:56  Marine x2  
  54  4:58  Refinery  
  54  4:59  SCV  
  57  5:01  SCV  
  57  5:02  Refinery  
  58  5:07  Siege Tank  
  58  5:11  SCV  
  62  5:15  SCV  
  62  5:16  Marine x2  
  65  5:23  SCV  
  65  5:28  SCV  
  67  5:30  Supply Depot  
  64  5:35  SCV, Banshee  
  64  5:40  SCV  
  64  5:41  Marine x2  
  68  5:48  SCV  
  69  5:52  Supply Depot, SCV, Siege Tank  
  73  6:00  SCV  
  73  6:02  Factory  
  75  6:04  SCV  
  75  6:11  Factory  
  75  6:12  SCV, Marine x2  
  75  6:16  SCV  
  79  6:24  SCV, Siege Tank, Armory  
  83  6:26  Supply Depot  
  83  6:28  SCV  
  83  6:30  Starport Reactor  
  84  6:36  SCV  
  85  6:40  SCV  
  86  6:48  SCV, Orbital Command  
  86  6:52  SCV  
  88  6:56  Siege Tank  
  88  7:00  SCV  
  92  7:04  SCV, Refinery  
  92  7:05  Refinery  
  92  7:08  Hellion x2  
  97  7:09  Siege Tank  
  97  7:12  Viking x2, SCV  
  105  7:16  SCV  
  105  7:17  SCV  
  107  7:23  Supply Depot, Terran Vehicle Weapons Level 1  
  107  7:24  SCV  
  107  7:28  SCV  
  109  7:30  SCV  
  109  7:38  Supply Depot x2  
  109  7:41  Supply Depot  
  109  7:44  SCV x2, Siege Tank x2  
  109  7:45  Supply Depot x2, Factory  
  117  8:00  Viking x2, SCV x3, Hellion x2  
  117  8:01  Supply Depot  
  117  8:02  Factory  
  128  8:10  Supply Depot, Engineering Bay  
  128  8:12  SCV x3  
  129  8:18  Supply Depot  
  127  8:21  Siege Tank x2  
  127  8:22  Hellion x2  
  127  8:24  SCV  
  134  8:29  Viking x2  
  134  8:31  SCV  
  131  8:39  SCV  
  112  8:42  SCV  
  112  8:43  SCV  
  112  8:44  Hellion x2, Liberator x2  
  112  8:45  Factory Tech Lab  
  117  8:51  SCV  
  117  8:54  SCV  
  117  8:56  SCV  
  117  8:58  Refinery  
  117  8:59  Siege Tank  
  125  9:03  SCV  
  125  9:05  Refinery  
  125  9:06  Hellion x2  
  125  9:07  SCV  
  125  9:09  Siege Tank x2  
  137  9:10  Factory Reactor  
  137  9:16  Missile Turret  
  137  9:23  Infernal Pre-Igniter  
  137  9:24  Command Center  
  137  9:26  SCV x3  
  137  9:27  Hellion x2  
  140  9:35  Terran Vehicle Weapons Level 2  
  140  9:44  Siege Tank  
  143  9:46  Supply Depot x2  
  143  9:48  Viking, Hellion x2  
  149  9:52  Viking  
  149  9:53  Supply Depot  
  148  10:05  SCV x2  
  148  10:12  Hellion x3, Siege Tank x2  
  161  10:14  SCV  
  161  10:17  Supply Depot, SCV  
  161  10:19  Viking  
  162  10:23  Viking  
  164  10:32  Armory  
  163  10:42  Hellion x2  
  167  10:46  Siege Tank  
  167  10:49  Viking  
  171  10:53  Viking  
  171  10:55  SCV x2  
  166  10:59  SCV  
  159  11:12  Hellion x3  
  159  11:15  Siege Tank  
  168  11:19  Viking  
  168  11:21  Siege Tank  
  168  11:22  SCV x2  
  168  11:23  Viking  
  172  11:30  Hellion, Siege Tank  
  160  11:33  Widow Mine  
  155  11:41  Hellion  
  155  11:43  SCV  
  155  11:44  Hellion  
  124  11:47  Siege Tank  
  124  11:51  SCV  
  124  11:54  Hellion  
  125  11:58  Siege Tank  
  120  12:08  SCV  
  120  12:09  SCV  
  107  12:30  Hellion, Siege Tank  
  107  12:31  Siege Tank  
  107  12:37  SCV x2  
  117  12:41  Viking x2  

Tags
 
Add a new tag
Caveats
  • Supply blocks, unpowered buildings, or Contaminate may cause inaccurate times.
  • Supply counts are checked every 10 seconds.